AoeStats
← slunty

Pilgrims

510243901Analyzed
2v2 RM · 1d ago on Sep 30, 2026· 30m 31s· 4 players
Game mode
Random Map
Map size
Medium (4 player)
Population
200
Speed
Normal
Resources
Standard
Victory
Conquest
Starting age
Dark Age
Ending age
Imperial Age
RankedLock teamsTeams togetherTeam positionsShared explorationLock speedFull tech treeHidden civsTurbo modeCheats
Victory
Defeat
🇦🇺 Italians · Australia
1080
+15
🇦🇺 Danes · Australia
1079
+15
🇺🇸 Saracens · United States
1168
-19
🇺🇸 Franks · United States
964
-11
slunty
7:56 Loom
12:30 Feudal Age
14:02 Wheelbarrow
14:42 Double-Bit Axe
21:06 Castle Age
Flamingwizard4
4:10 Loom
11:27 Feudal Age
15:06 Castle Age
12:55 Double-Bit Axe
15:52 Town Watch
17:15 Bow Saw
25:46 Fletching
Kanye Haggis
5:00 Loom
11:07 Feudal Age
12:46 Fishing Lines
15:36 Castle Age
14:03 Double-Bit Axe
16:32 Medium Warships
16:13 Gillnets
16:46 Medium Warships
16:26 Gillnets
17:26 Fletching
17:37 Padded Archer Armor
18:07 Bodkin Arrow
23:30 Leather Archer Armor
26:31 Imperial Age
25:33 Bow Saw
25:59 Thumb Ring
26:51 Ballistics
29:14 Chemistry
29:06 Wheelbarrow
hotdogs_united
3:11 Loom
12:39 Feudal Age
12:46 Man-at-Arms
13:14 Arson
14:29 Double-Bit Axe
15:04 Fletching
15:25 Forging
17:53 Castle Age
16:31 Fishing Lines
19:30 Scale Mail Armor
20:06 Iron Casting
22:57 Wheelbarrow
23:11 Squires
24:03 Gillnets
26:23 Bow Saw
25:58 Horse Collar
29:46 Town Watch
30:17 Hand Cart
Connection lost

Rejoining the realm…

Still unreachable

The connection could not be restored.

Session expired

The server has moved on; the page needs a fresh start.